 Dungeon Crawl Stone Soup version 0.23-a0-386-g9c9d49f (webtiles) character file.

469 Cryolive the Digger (level 7, -4/38 HPs)
             Began as a Gargoyle Earth Elementalist on Oct 28, 2018.
             Slain by an orc warrior
             ... wielding a +0 halberd
              (12 damage)
             ... on level 4 of the Dungeon.
             The game lasted 00:10:28 (4422 turns).

Cryolive the Digger (Gargoyle Earth Elementalist)   Turns: 4422, Time: 00:10:29

Health: -4/38      AC:  8    Str: 11    XL:     7   Next: 9%
Magic:  1/13       EV: 12    Int: 18    God:
Gold:   134        SH:  0    Dex: 10    Spells: 5/14 levels left

rFire    . . .     SeeInvis +   t - +0 mace
rCold    . . .     Gourm    .   (no shield)
rNeg     + . .     Faith    .   c - +0 robe
rPois    ∞         Spirit   .   (no helmet)
rElec    +         Reflect  .   m - +0 cloak
rCorr    .         Harm     .   (no gloves)
MR       .....                  (no boots)
Stlth    ++........             (no amulet)
HPRegen  0.12/turn              s - +1 ring of protection
MPRegen  0.13/turn              h - ring of see invisible

@: no status effects
A: negative energy resistance 1, electricity resistance, unbreathing,
petrification resistance, rot immunity, AC +4
a: no special abilities


You were on level 4 of the Dungeon.
You were very hungry.

You visited 1 branch of the dungeon, and saw 4 of its levels.

You collected 134 gold pieces.

Inventory:

Hand Weapons
 t - a +0 mace (weapon)
Missiles
 b - 39 stones (quivered)
Armour
 c - a +0 robe (worn)
 i - a +2 shield
 m - a +0 cloak (worn)
Jewellery
 h - a ring of see invisible (right hand)
 j - an uncursed ring of stealth
 s - a +1 ring of protection (left hand)
Wands
 e - a wand of digging (12)
Scrolls
 g - 5 scrolls of identify
 k - a scroll of fog {unknown}
 l - a scroll of magic mapping {unknown}
Potions
 a - 2 potions of agility {unknown}
 f - 2 potions of curing {unknown}
 n - 2 potions of lignification
 o - a potion of mutation {unknown}
 r - a potion of flight {unknown}
Comestibles
 d - 6 rations


   Skills:
 + Level 1.4 Fighting
 + Level 1.2 Armour
 + Level 2.0 Dodging
 - Level 2.1 Stealth
 + Level 1.2 Shields
 + Level 4.0 Spellcasting
 + Level 3.3 Conjurations
   Level 0.7 Transmutations
 + Level 5.9 Earth Magic


You had 5 spell levels left.
You knew the following spells:

 Your Spells              Type           Power        Failure   Level  Hunger
a - Sandblast             Erth           ####..       1%          1    None
b - Stone Arrow           Conj/Erth      ###...       6%          3    ###....
c - Lee's Rapid Deconstr  Erth           ####......   34%         5    ######.

Your spell library contained the following spells:

 Spells                   Type           Power        Failure   Level  Hunger
 Passwall                 Tmut/Erth      ###.....     5%          2    ##.....
 Petrify                  Tmut/Erth      ###.....     36%         4    ####...


Dungeon Overview and Level Annotations

Branches:
Dungeon (4/15)
 Temple: D:4-7

Altars:
Cheibriados


Innate Abilities, Weirdness & Mutations

You are resistant to torment.
Your stone body is resilient. (AC +4)
You are immune to poison.
You resist negative energy. (rN+)
You are resistant to electric shocks. (rElec)
You can survive without breathing.
You are immune to petrification.
You are immune to rotting.


Message History

You destroy the adder skeleton!
The orc warrior barely misses you.
Casting: Sandblast (safe; 1% risk of failure)
Confirm with . or Enter, or press ? or * to list all spells.
Aiming: Stone Arrow (safe; 6% risk of failure)
Press: ? - help, Shift-Dir - straight line, f - orc warrior
Aim: an orc warrior, wielding a +0 halberd and wearing a +0 plate armour The stone arrow hits the orc warrior.
The orc warrior is moderately wounded.
The orc warrior hits you from afar with a +0 halberd.
* * * LOW HITPOINT WARNING * * *
Casting: Stone Arrow (safe; 6% risk of failure)
Confirm with . or Enter, or press ? or * to list all spells.
Aiming: Stone Arrow (safe; 6% risk of failure)
Press: ? - help, Shift-Dir - straight line, f/p - orc warrior
Aim: an orc warrior, wielding a +0 halberd and wearing a +0 plate armour The stone arrow hits the orc warrior.
The orc warrior is heavily wounded.
The orc warrior hits you from afar with a +0 halberd!
You die...

#....^...............)#.#
#....#.##..#####.##.#.#.#
#......##..#####.##.....#
###..............####.###
#.......########## #.#
#.##.##.# #.# #.##.##.###
#.#### #.##......# #....#
#.#####.#@# . #....#
#>#####.#.# .. ##...#
#.......#o# ... ##.##
#########o# ....## ##.##
..(...#.##......# #...#
#......# #(# #.#.#
###..#.#.# #.# #...#
#...)).#!# #.# ###.#
#.#..### # ##.######.#


You could see an orc warrior and an orc.

Vanquished Creatures
  Sigmund (D:3)
  An orc priest (D:4)
  4 hounds (D:4)
  An orc wizard (D:4)
  A worker ant (D:4)
  A gnoll (D:1)
  2 adders (D:2)
  An adder skeleton (D:4)
  2 worms (D:2)
  3 dart slugs
  2 leopard geckos (D:2)
  7 orcs (D:4)
  A ball python (D:1)
  5 bats
  3 giant cockroaches
  8 hobgoblins
  2 jackals (D:1)
  4 kobolds
  A quokka (D:2)
  5 frilled lizards
  12 goblins
  3 rats
70 creatures vanquished.

Notes
Turn   | Place    | Note
-------+----------+-------------------------------------------
     0 | D:1      | Cryolive the Gargoyle Earth Elementalist began the quest
                  | for the Orb.
     0 | D:1      | Reached XP level 1. HP: 10/10 MP: 3/3
   409 | D:1      | Reached XP level 2. HP: 13/15 MP: 3/5
   421 | D:1      | Reached skill level 4 in Earth Magic
   819 | D:1      | Reached XP level 3. HP: 12/19 MP: 6/6
   824 | D:1      | Learned a level 3 spell: Stone Arrow
  1465 | D:2      | Reached skill level 1 in Conjurations
  1658 | D:2      | Reached XP level 4. HP: 18/24 MP: 8/8
  1892 | D:2      | Found a snail-covered altar of Cheibriados.
  2523 | D:3      | Noticed Sigmund
  2584 | D:3      | Killed Sigmund
  2584 | D:3      | Reached skill level 5 in Earth Magic
  2584 | D:3      | Reached XP level 5. HP: 15/28 MP: 0/10
  2584 | D:3      | Reached XP level 6. HP: 17/32 MP: 0/11
  2591 | D:3      | Learned a level 5 spell: Lee's Rapid Deconstruction
  3990 | D:4      | Reached skill level 1 in Fighting
  4086 | D:4      | Reached skill level 1 in Shields
  4108 | D:4      | Reached skill level 1 in Armour
  4108 | D:4      | Reached XP level 7. HP: 10/38 MP: 12/12
  4422 | D:4      | Slain by an orc warrior

Vault maps used:
D:1:      lightli_arrival_maybe_door_vault
D:2:      kennysheep_slug_shrine
D:3:      uniq_sigmund
D:4:      kennysheep_nondescript

Skill      XL: |  1  2  3  4  5  6  7 |
---------------+----------------------+-----
Earth Magic    | 4 5 |  5.9
Conjurations   | 1 3 |  3.3
Spellcasting   | 3 4 |  4.0
Fighting       | 1 |  1.4
Shields        | 1 |  1.2
Armour         | 1 |  1.2
Dodging        | 2 |  2.0
Stealth        | |  2.1
Transmutations | |  0.7

Action                   |  1- 3 |  4- 6 |  7- 9 || total
-------------------------+-------+-------+-------++-------
Melee: Unarmed           |    28 |       |       ||    28
       Mace              |    59 |   120 |    11 ||   190
       Scythe            |       |    43 |       ||    43
 Cast: Sandblast         |    14 |    15 |     1 ||    30
       Stone Arrow       |       |     2 |     2 ||     4
       Lee's Rapid Decon |       |       |     1 ||     1
  Use: Scroll            |     4 |     1 |       ||     5
 Stab: Sleeping          |     3 |     5 |       ||     8
  Eat: Chunk             |     3 |     8 |       ||    11
Armor: Robe              |    44 |    72 |     4 ||   120
Dodge: Dodged            |    81 |   141 |    14 ||   236
Block: Shield            |       |    11 |       ||    11

Table legend:
 A = Non-vault XP
 B = Vault XP
 C = Vault XP percentage of total XP
 D = Non-vault monster count
 E = Vault monster count
 F = Vault count percentage of total count
                 A         B        C        D         E       F
            +---------+---------+-------+---------+---------+-------
      Total |     443 |     227 |  33.9 |      68 |       2 |   2.9
            +---------+---------+-------+---------+---------+-------
        D:1 |      50 |       0 |   0.0 |      21 |       0 |   0.0
        D:2 |      71 |       4 |   5.3 |      23 |       1 |   4.2
        D:3 |      16 |     223 |  93.3 |       8 |       1 |  11.1
        D:4 |     306 |       0 |   0.0 |      16 |       0 |   0.0
            +---------+---------+-------+---------+---------+-------
